[Event "Titled Tuesday Blitz April 11 Early 2023"]
[White "Leyva Rivera, Yunier"]
[Black "Lohani, Sujana"]
[WhiteFideId "3505065"]
[BlackFideId "12311987"]
[WhiteElo "2430"]
[BlackElo "1718"]
[Result "1-0"]
[Round "02"]
[TimeControl "180+2"]
[Date "2023.04.11"]
[WhiteClock "0:01:46"]
[BlackClock "0:01:31"]

1. d4 g6 2. Nf3 Bg7 3. g3 d6 4. Bg2 Nf6 5. O-O O-O 6. b3 c6 7. Nbd2 Nbd7 8. Bb2 Re8 9. e4 e5 10. dxe5 Nxe5 11. Nxe5 dxe5 12. Nc4 Nd7 13. Nd6 Re7 14. Ba3 c5 15. Bh3 Qb6 16. Qd3 a6 17. Rfd1 Qc6 18. Nxc8 Rxc8 19. Bxd7 1-0


[Site "https://www.chess.com"]

[Event "Titled Tuesday Blitz April 11 Early 2023"]
[White "Ramirez Vido, Robert Yorisan"]
[Black "Vargas, Mauricio"]
[WhiteFideId "3513823"]
[BlackFideId "4404572"]
[WhiteElo "2438"]
[BlackElo "1998"]
[Result "1-0"]
[Round "02"]
[TimeControl "180+2"]
[Date "2023.04.11"]
[WhiteClock "0:00:34"]
[BlackClock "0:00:30"]

1. f4 c5 2. Nf3 d6 3. g3 Bd7 4. Bg2 Bc6 5. d3 Nd7 6. O-O e6 7. e4 g6 8. c3 Bg7 9. Be3 f5 10. Qb3 Qe7 11. Ng5 Nf8 12. Nd2 h6 13. Ngf3 O-O-O 14. Rac1 Nf6 15. exf5 Ng4 16. Rfe1 Nxe3 17. Rxe3 gxf5 18. Nh4 Qf6 19. Bxc6 bxc6 20. d4 cxd4 21. cxd4 Qxd4 22. Rxc6+ Kd7 23. Qb7+ Ke8 24. Nxf5 Qf6 25. Nxg7+ Qxg7 26. Qxg7 Rh7 27. Rxe6+ Nxe6 28. Qxh7 Rd7 29. Rc8+ Nd8 30. Qg8+ Ke7 31. Ne4 Nf7 32. Qe8# 1-0


[Site "https://www.chess.com"]

[Event "Titled Tuesday Blitz April 11 Early 2023"]
[White "Gonzalez, Francisco Silva"]
[Black "Semenova, Alina"]
[WhiteFideId "1512285"]
[BlackFideId "24113875"]
[WhiteElo "2074"]
[BlackElo "1833"]
[Result "1-0"]
[Round "02"]
[TimeControl "180+2"]
[Date "2023.04.11"]
[WhiteClock "0:02:02"]
[BlackClock "0:00:12"]

1. d4 Nf6 2. c4 d6 3. Nc3 g6 4. e4 Bg7 5. f3 O-O 6. Be3 e5 7. d5 Nbd7 8. Bd3 Ne8 9. Qd2 c6 10. Nge2 f5 11. h4 f4 12. Bf2 h5 13. O-O-O cxd5 14. Nxd5 Ndf6 15. Nec3 b6 16. Kb1 Rb8 17. Be2 Rf7 18. g3 Bh6 19. gxf4 Nxd5 20. Nxd5 exf4 21. Rhg1 Kh7 22. Bd3 Nf6 23. e5 Nxd5 24. Bxg6+ Kh8 25. Bxf7 Bf5+ 26. Ka1 Ne3 27. e6 Nxd1 28. Bd4+ Bg7 29. Rxg7 Qxh4 30. Rg4+ Kh7 31. Rxh4 Ne3 32. Rxh5# 1-0


[Site "https://www.chess.com"]

[Event "Titled Tuesday Blitz April 11 Early 2023"]
[White "Gabrielian, Artur"]
[Black "Nakamura, Hikaru"]
[WhiteFideId "4131002"]
[BlackFideId "2016192"]
[WhiteElo "2432"]
[BlackElo "2885"]
[Result "1/2-1/2"]
[Round "03"]
[TimeControl "180+2"]
[Date "2023.04.11"]
[WhiteClock "0:00:19"]
[BlackClock "0:00:24"]

1. e4 g6 2. d4 Bg7 3. Nc3 c6 4. h3 d5 5. e5 f6 6. f4 Nh6 7. g4 f5 8. g5 Nf7 9. Be3 e6 10. h4 h5 11. Nge2 Kd7 12. Qd2 Bf8 13. Nd1 b6 14. Nf2 a5 15. a4 Ba6 16. Nd3 Be7 17. Bg2 Ke8 18. O-O Nd7 19. b3 Rc8 20. c3 c5 21. dxc5 Nxc5 22. Nxc5 Bxc5 23. Rfc1 Bxe3+ 24. Qxe3 Bxe2 25. Qxe2 Kf8 26. c4 dxc4 27. Rxc4 Kg7 28. Rac1 Rxc4 29. Rxc4 Qd7 30. Qc2 Rd8 31. Bf3 Qd3 32. Kf2 Qxc2+ 33. Rxc2 Rd3 34. Rc6 Rd4 35. Ke3 Rb4 36. Bd1 Re4+ 37. Kf3 Rxe5 38. Rxb6 Re4 39. Bc2 Re1 40. Bd3 Kf8 41. Rb8+ Ke7 42. Rb7+ Kf8 43. Rb8+ Ke7 44. Rg8 e5 45. Bc4 Nd6 46. Rg7+ Kf8 47. Rxg6 Nxc4 48. bxc4 Rf1+ 49. Ke3 Rxf4 50. Ra6 Rxc4 51. Rxa5 Re4+ 52. Kf3 Kf7 53. Ra7+ Ke6 54. Ra6+ Kd5 55. Rf6 Rf4+ 56. Ke3 Re4+ 57. Kf3 Rxh4 58. Rxf5 Rxa4 59. g6 Rg4 60. Rxh5 Rxg6 61. Ke3 Rg3+ 62. Ke2 Ra3 63. Rh4 Rb3 64. Rg4 Rc3 65. Rh4 Ke6 66. Rg4 Kf5 67. Ra4 Rg3 68. Rb4 Rh3 69. Ra4 e4 70. Ra8 Rh2+ 71. Ke3 Rh3+ 72. Ke2 Rb3 73. Rf8+ Ke5 74. Re8+ Kd4 75. Rd8+ Ke5 76. Re8+ Kf5 77. Rf8+ Kg5 78. Rg8+ Kh4 79. Rf8 Kg4 80. Rg8+ Kh5 81. Rg7 Ra3 82. Rg8 Rb3 83. Rg7 Rc3 84. Rg8 Rc6 85. Re8 Kg4 86. Rxe4+ Kf5 87. Ra4 Rc2+ 88. Ke3 Rc8 89. Kd3 Rd8+ 90. Rd4 Rh8 91. Rd5+ Kf4 92. Rd7 Kf3 93. Rf7+ Kg4 94. Ke4 Re8+ 95. Kd5 Ra8 96. Ke5 Ra5+ 97. Ke4 Ra1 98. Ke5 Kg3 99. Ke4 Re1+ 100. Kd3 Re8 101. Kd4 Rd8+ 102. Ke4 Rb8 103. Ke5 Rb5+ 104. Ke6 Rb2 105. Ke5 Re2+ 106. Kd4 Rh2 107. Ke4 Re2+ 108. Kd4 Re6 109. Kd5 Ra6 110. Kd4 Rh6 111. Kd5 Rh8 112. Kd4 Kg4 113. Ke5 Kh3 114. Rg7 Rf8 115. Ke4 Rf1 116. Ke3 Kh4 117. Ke4 Kh5 118. Ke5 Rf2 119. Ke4 Kh6 120. Rg3 Rf8 121. Ke5 Ra8 122. Kf6 Ra6+ 123. Ke5 Kh7 124. Kf5 Rb6 125. Ke5 Rh6 126. Kf5 Rc6 127. Ke5 Kh8 128. Kf5 Rb6 129. Kf4 Rb5 130. Kf3 Rb4 131. Rg4 Rb3+ 132. Kf4 Rb1 133. Kf5 Rf1+ 134. Kg6 Kg8 135. Ra4 Rg1+ 136. Kf6 1/2-1/2


[Site "https://www.chess.com"]

[Event "Titled Tuesday Blitz April 11 Early 2023"]
[White "So, Wesley"]
[Black "Siva Mahadevan"]
[WhiteFideId "5202213"]
[BlackFideId "25043153"]
[WhiteElo "2749"]
[BlackElo "2249"]
[Result "1-0"]
[Round "03"]
[TimeControl "180+2"]
[Date "2023.04.11"]
[WhiteClock "0:01:14"]
[BlackClock "0:00:50"]

1. Nf3 Nf6 2. d4 g6 3. Nbd2 d5 4. e3 Bg7 5. b4 O-O 6. Be2 a5 7. b5 c5 8. bxc6 Nxc6 9. O-O Bf5 10. c3 Rc8 11. Ba3 Re8 12. Rc1 e5 13. Nxe5 Nxe5 14. dxe5 Rxe5 15. c4 dxc4 16. Bxc4 b5 17. Nf3 Qxd1 18. Rfxd1 Ree8 19. Bxb5 Rxc1 20. Rxc1 Rb8 21. Nd4 Ne4 22. Nxf5 gxf5 23. Bc4 Bb2 24. Rb1 Rc8 25. Ba6 Rc6 26. Bb5 1-0


[Site "https://www.chess.com"]

[Event "Titled Tuesday Blitz April 11 Early 2023"]
[White "Ashraf, Artin"]
[Black "Andreikin, Dmitry"]
[WhiteFideId "22514805"]
[BlackFideId "4158814"]
[WhiteElo "2188"]
[BlackElo "2736"]
[Result "1-0"]
[Round "03"]
[TimeControl "180+2"]
[Date "2023.04.11"]
[WhiteClock "0:00:09"]
[BlackClock "0:00:18"]

1. Nf3 d5 2. g3 Nf6 3. Bg2 Bf5 4. O-O e6 5. d3 h6 6. Nc3 Bh7 7. Qe1 Be7 8. e4 O-O 9. Bd2 c5 10. Ne5 Nc6 11. Nxc6 bxc6 12. Na4 Rb8 13. b3 Re8 14. Qe2 dxe4 15. dxe4 Nxe4 16. Bxe4 Bxe4 17. Qxe4 Qxd2 18. Rad1 Qa5 19. Qxc6 Rec8 20. Qd7 Rc7 21. Qd2 Qxd2 22. Rxd2 c4 23. Rfd1 Kf8 24. Rd7 Rbb7 25. Rxc7 Rxc7 26. Rd2 g5 27. Kf1 g4 28. Rd4 cxb3 29. cxb3 h5 30. Rc4 Rxc4 31. bxc4 f5 32. Ke2 Ke8 33. Nb2 h4 34. Nd3 Kd7 35. f3 gxf3+ 36. Kxf3 Bd6 37. gxh4 Bxh2 38. h5 Ke7 39. c5 Bc7 40. Nb4 Kf6 41. Na6 Be5 42. c6 Kg5 43. c7 Bxc7 44. Nxc7 e5 45. Nb5 a5 46. Nd6 f4 47. Nf7+ Kf6 48. Nd8 Kg5 49. Nc6 Kf5 50. Nxa5 e4+ 51. Kf2 Kg5 52. Nc4 Kxh5 53. a4 Kg4 54. a5 e3+ 55. Nxe3+ fxe3+ 56. Kxe3 Kf5 57. a6 Ke5 58. a7 1-0


[Site "https://www.chess.com"]

[Event "Titled Tuesday Blitz April 11 Early 2023"]
[White "Vachier-Lagrave, Maxime"]
[Black "Real_OceanStorm"]
[WhiteFideId "623539"]
[WhiteElo "2740"]
[BlackElo "2809"]
[Result "1-0"]
[Round "03"]
[TimeControl "180+2"]
[Date "2023.04.11"]
[WhiteClock "0:00:10"]
[BlackClock "0:00:02"]

1. e4 c5 2. Nf3 Nc6 3. Bb5 g6 4. O-O Bg7 5. Re1 e6 6. c3 Nge7 7. d4 cxd4 8. cxd4 d5 9. e5 h6 10. Nc3 O-O 11. h4 Bd7 12. Bf4 Nf5 13. g3 Rc8 14. Qd2 a6 15. Bf1 Qb6 16. Rad1 h5 17. Bh3 Nce7 18. Kh2 Rc7 19. g4 hxg4 20. Bxg4 Rfc8 21. Rg1 Kf8 22. h5 gxh5 23. Bxh5 Rc4 24. Bg5 Ng6 25. Rg4 Rb4 26. Bxg6 fxg6 27. b3 Kf7 28. Kg2 Qc6 29. Rc1 Qb6 30. Bf6 Bh6 31. Ng5+ Ke8 32. Na4 Rxa4 33. Rxc8+ Bxc8 34. bxa4 Qc7 35. Qb4 Bxg5 36. Bxg5 b6 37. Qb3 Kd7 38. Be3 a5 39. Qb5+ Ke7 40. Kh2 Kf7 41. Qd3 Bd7 42. Bg5 Bxa4 43. Qh3 Kg8 44. Bf6 Qh7 45. Qxh7+ Kxh7 46. Bd8 Bb5 47. Bxb6 a4 48. Bc5 Bc4 49. a3 Kh6 50. Rg1 g5 51. Kg2 g4 52. Rh1+ Kg5 53. Rh8 Bb5 54. Rb8 Bc4 55. Rb6 Ng7 56. f3 Kf4 57. fxg4 Kxg4 58. Kf2 Kf4 59. Rb4 Nf5 60. Rxa4 Ke4 61. Rb4 Nxd4 62. Rb6 Nf5 63. Rxe6 d4 64. Re8 d3 65. Bb4 Bf7 66. Rf8 Bc4 67. Bc3 Ne3 68. Ke1 Nd5 69. Kd2 Nxc3 70. Kxc3 Be6 71. Rd8 Bd5 72. e6 Bxe6 73. Rxd3 Ke5 74. Rd4 Bd5 75. a4 Bb7 76. a5 Ba6 77. Rd2 Bb7 78. Kc4 1-0


[Site "https://www.chess.com"]

[Event "Titled Tuesday Blitz April 11 Early 2023"]
[White "Gorodetzky, David"]
[Black "Duda, Jan-Krzysztof"]
[WhiteFideId "2813416"]
[BlackFideId "1170546"]
[WhiteElo "2484"]
[BlackElo "2790"]
[Result "0-1"]
[Round "03"]
[TimeControl "180+2"]
[Date "2023.04.11"]
[WhiteClock "0:00:03"]
[BlackClock "0:00:07"]

1. e4 c6 2. d4 d5 3. e5 Bf5 4. Nd2 e6 5. Nb3 a5 6. a4 Ne7 7. Nf3 h6 8. Be2 Ng6 9. O-O Be7 10. Ne1 Nf8 11. f4 Be4 12. Be3 f5 13. exf6 gxf6 14. Bh5+ Kd7 15. Nd3 b6 16. Nd2 Bxd3 17. cxd3 f5 18. g4 Rg8 19. Kh1 fxg4 20. Bxg4 Kc7 21. f5 exf5 22. Rxf5 Kb7 23. Rf7 Ra7 24. Qf3 Ka8 25. Rf1 Ng6 26. Be6 Rh8 27. Qh5 Nh4 28. Rg1 Bg5 29. Bxg5 hxg5 30. Qxg5 Rxf7 31. Qxd8 Rxd8 32. Bxf7 Rf8 33. Rf1 Na6 34. Rf4 Nb4 35. Rxh4 Rxf7 36. Kg2 Nxd3 37. Nf3 Rg7+ 38. Kf1 Nxb2 39. Ne5 Kb7 40. Rh6 Nxa4 41. Rxc6 Rh7 42. Kg2 Rh4 43. Rf6 Rxd4 44. Kg3 Nc5 45. Rf7+ Ka6 46. h4 Ne4+ 47. Kf3 Nd6 48. Rd7 Nc4 49. Nxc4 Rxc4 50. Kg3 d4 51. h5 a4 52. h6 Ka5 53. h7 Rc8 54. Rd5+ b5 55. Rxd4 Rh8 56. Rd7 a3 57. Kf4 Kb6 58. Kg5 a2 0-1


[Site "https://www.chess.com"]

[Event "Titled Tuesday Blitz April 11 Early 2023"]
[White "Lazavik, Denis"]
[Black "Flores, Diego"]
[WhiteFideId "13515110"]
[BlackFideId "108049"]
[WhiteElo "2560"]
[BlackElo "2613"]
[Result "1-0"]
[Round "03"]
[TimeControl "180+2"]
[Date "2023.04.11"]
[WhiteClock "0:01:44"]
[BlackClock "0:01:49"]

1. d4 Nf6 2. c4 c5 3. d5 e6 4. Nc3 exd5 5. cxd5 d6 6. e4 g6 7. Bd3 Bg7 8. h3 O-O 9. Nf3 a6 10. a4 Re8 11. O-O Nh5 12. Bg5 Bf6 13. Be3 Nd7 14. Re1 Rb8 15. Qd2 Ne5 16. Be2 Nxf3+ 17. Bxf3 Ng7 18. Be2 Bd7 19. a5 b5 20. axb6 Rxb6 21. Rxa6 Rxa6 22. Bxa6 Qb6 23. Bd3 Rb8 24. Bf4 Qxb2 25. Rb1 Bxc3 26. Rxb2 Bxb2 27. Bxd6 Bd4 28. Bxb8 1-0


[Site "https://www.chess.com"]

[Event "Titled Tuesday Blitz April 11 Early 2023"]
[White "Urazayev, Arystanbek"]
[Black "Le, Tuan Minh"]
[WhiteFideId "13709810"]
[BlackFideId "12401153"]
[WhiteElo "2449"]
[BlackElo "2566"]
[Result "0-1"]
[Round "03"]
[TimeControl "180+2"]
[Date "2023.04.11"]
[WhiteClock "0:00:02"]
[BlackClock "0:00:22"]

1. e4 c5 2. Nc3 Nc6 3. Nf3 g6 4. d4 cxd4 5. Nxd4 Bg7 6. Be3 Nf6 7. Bc4 O-O 8. Bb3 Qa5 9. O-O d6 10. h3 Bd7 11. Nd5 Nxe4 12. Nxc6 bxc6 13. Nxe7+ Kh8 14. Bd4 Rae8 15. f3 Nd2 16. Bxg7+ Kxg7 17. Re1 d5 18. Kh1 Nxb3 19. cxb3 Qc5 20. Rc1 Qd6 21. Qd4+ f6 22. Qe3 Rf7 23. Nc8 Rxc8 0-1


[Site "https://www.chess.com"]

[Event "Titled Tuesday Blitz April 11 Early 2023"]
[White "Bortnyk, Olexandr"]
[Black "Goltsev, Dmitry"]
[WhiteFideId "14120828"]
[BlackFideId "24176710"]
[WhiteElo "2734"]
[BlackElo "2336"]
[Result "1-0"]
[Round "03"]
[TimeControl "180+2"]
[Date "2023.04.11"]
[WhiteClock "0:02:30"]
[BlackClock "0:01:50"]

1. d4 Nf6 2. Nc3 e6 3. Bf4 d5 4. Nb5 Na6 5. e3 c6 6. Nc3 Nc7 7. Nf3 Bd6 8. Ne5 Qe7 9. Qf3 h6 10. Bd3 a6 11. a4 Nd7 12. Nxf7 Qxf7 13. Bxd6 Qxf3 14. gxf3 Kd8 15. f4 Ne8 16. Be5 Nxe5 17. fxe5 Bd7 18. Bg6 Ke7 19. Rg1 Nc7 20. a5 Raf8 21. f4 Be8 22. Ke2 Bxg6 23. Rxg6 Ne8 24. Na4 Rf7 25. Rag1 Nc7 26. Rxg7 1-0


[Site "https://www.chess.com"]

[Event "Titled Tuesday Blitz April 11 Early 2023"]
[White "Galchenko, Matvey"]
[Black "Hakobyan, Aram"]
[WhiteFideId "24175480"]
[BlackFideId "13306677"]
[WhiteElo "2423"]
[BlackElo "2584"]
[Result "0-1"]
[Round "03"]
[TimeControl "180+2"]
[Date "2023.04.11"]
[WhiteClock "0:01:14"]
[BlackClock "0:02:11"]

1. e4 e5 2. Nf3 Nc6 3. d4 exd4 4. Nxd4 Nf6 5. Nxc6 bxc6 6. e5 Nd5 7. Qe2 Bc5 8. g3 O-O 9. Bg2 Re8 10. O-O d6 11. Nd2 Rxe5 12. Qc4 a5 13. Rd1 Ba6 14. Qb3 a4 15. Qxa4 Be2 16. Qxc6 Ra6 17. Qxa6 Bxa6 18. Ne4 Qe7 19. Nxc5 Re1+ 0-1


[Site "https://www.chess.com"]

[Event "Titled Tuesday Blitz April 11 Early 2023"]
[White "Paravyan, David"]
[Black "Acor, Corey"]
[WhiteFideId "4194985"]
[BlackFideId "2024861"]
[WhiteElo "2563"]
[BlackElo "2341"]
[Result "1-0"]
[Round "03"]
[TimeControl "180+2"]
[Date "2023.04.11"]
[WhiteClock "0:00:13"]
[BlackClock "0:00:06"]

1. d4 Nf6 2. c4 e5 3. dxe5 Ng4 4. e3 Nxe5 5. Nc3 g6 6. f4 Nec6 7. Nf3 Bg7 8. Bd3 d6 9. O-O O-O 10. e4 f5 11. Be3 fxe4 12. Bxe4 Ne7 13. Ng5 c6 14. Qd3 Bf5 15. Rad1 Na6 16. Rfe1 Nc5 17. Bxc5 dxc5 18. Bxf5 Nxf5 19. Qh3 Bd4+ 20. Kh1 Qd7 21. Nce4 b6 22. g4 h6 23. Nf3 Nd6 24. Nxd4 Nxe4 25. Rxe4 cxd4 26. Rdxd4 Qg7 27. Qe3 Rf7 28. Kg2 Raf8 29. b3 h5 30. h3 c5 31. Rd2 hxg4 32. hxg4 Qh6 33. g5 Qh4 34. Qg3 Rxf4 35. Qxh4 1-0


[Site "https://www.chess.com"]

[Event "Titled Tuesday Blitz April 11 Early 2023"]
[White "Molina, Roberto Junio Brito"]
[Black "Bluebaum, Matthias"]
[WhiteFideId "2109450"]
[BlackFideId "24651516"]
[WhiteElo "2376"]
[BlackElo "2638"]
[Result "0-1"]
[Round "03"]
[TimeControl "180+2"]
[Date "2023.04.11"]
[WhiteClock "0:01:02"]
[BlackClock "0:01:39"]

1. d4 d5 2. c4 e6 3. Nc3 Bb4 4. Nf3 Nf6 5. Qa4+ Nc6 6. Bg5 dxc4 7. a3 Bxc3+ 8. bxc3 Qd5 9. Bxf6 gxf6 10. Nd2 b5 11. Qc2 f5 12. f3 Bb7 13. e4 fxe4 14. Nxe4 O-O-O 15. Be2 f5 16. Nf2 Rhg8 17. O-O Rg7 18. Nh3 Rdg8 19. Rf2 Nxd4 20. cxd4 Qxd4 21. Rd1 Rxg2+ 22. Kh1 Rxf2 0-1


[Site "https://www.chess.com"]

[Event "Titled Tuesday Blitz April 11 Early 2023"]
[White "Sadhwani, Raunak"]
[Black "Srihari L R"]
[WhiteFideId "35093487"]
[BlackFideId "46617116"]
[WhiteElo "2631"]
[BlackElo "2334"]
[Result "0-1"]
[Round "03"]
[TimeControl "180+2"]
[Date "2023.04.11"]
[WhiteClock "0:00:12"]
[BlackClock "0:00:06"]

1. Nf3 g6 2. b3 Bg7 3. d4 c5 4. Bb2 cxd4 5. Bxd4 Nf6 6. c4 Nc6 7. Bb2 O-O 8. e3 d5 9. cxd5 Qxd5 10. Nbd2 Rd8 11. Bc4 Qa5 12. a3 Bg4 13. b4 Qc7 14. Qb3 e6 15. O-O a5 16. h3 Bf5 17. Rac1 a4 18. Qa2 Qe7 19. Qa1 Bd3 20. Rfe1 Ne8 21. Bxg7 Nxg7 22. Rc3 Bxc4 23. Nxc4 Nf5 24. Rec1 Nd6 25. Nxd6 Qxd6 26. Rc5 h6 27. Nh2 h5 28. Nf3 Ne7 29. Ng5 Rac8 30. Ne4 Qd3 31. Nf6+ Kf8 32. Rxc8 Rxc8 33. Rd1 Qc3 34. Rd8+ Kg7 35. Ne8+ Kh7 36. Qxc3 Rxc3 37. Rd7 Nd5 38. Rxf7+ Kg8 39. Rxb7 Rxa3 40. b5 Rb3 41. e4 Nc3 42. Nf6+ Kf8 43. b6 a3 44. Ra7 a2 45. b7 Rxb7 46. Rxb7 a1=Q+ 47. Kh2 Ne2 48. Nh7+ Kg8 0-1


[Site "https://www.chess.com"]

[Event "Titled Tuesday Blitz April 11 Early 2023"]
[White "Dehtiarov, Roman"]
[Black "Firouzja, Alireza"]
[WhiteFideId "14186640"]
[BlackFideId "12573981"]
[WhiteElo "2189"]
[BlackElo "2904"]
[Result "0-1"]
[Round "03"]
[TimeControl "180+2"]
[Date "2023.04.11"]
[WhiteClock "0:00:14"]
[BlackClock "0:00:18"]

1. d4 Nf6 2. c4 e6 3. Nf3 d5 4. cxd5 exd5 5. Nc3 c6 6. Bg5 h6 7. Bh4 Bb4 8. a3 Bxc3+ 9. bxc3 Qa5 10. Bxf6 Qxc3+ 11. Nd2 gxf6 12. e3 Bf5 13. Be2 Nd7 14. O-O Rg8 15. Kh1 Nb6 16. a4 Nc8 17. Rc1 Qb4 18. f3 Nd6 19. e4 Be6 20. Nb3 dxe4 21. Nc5 e3 22. Rb1 Qd2 23. Qxd2 exd2 24. Nxb7 Nf5 25. Rfd1 Ne3 26. Rxd2 Rxg2 27. Nc5 Bd5 28. Ne4 Kf8 29. Rg1 f5 30. Rxg2 Nxg2 31. Nc3 Nf4 32. Nxd5 cxd5 33. Bb5 Rc8 34. Kg1 Rc3 35. Kf2 Ke7 36. Rb2 Ne6 37. Bf1 Nxd4 38. Rb7+ Kf6 39. Rxa7 Rxf3+ 40. Kg2 Ra3 41. a5 f4 42. a6 Ra2+ 43. Kg1 Nf3+ 0-1


[Site "https://www.chess.com"]

[Event "Titled Tuesday Blitz April 11 Early 2023"]
[White "Ilkhomi, Jaloliddin"]
[Black "Vidit, Santosh Gujrathi"]
[WhiteFideId "14700948"]
[BlackFideId "5029465"]
[WhiteElo "2045"]
[BlackElo "2651"]
[Result "0-1"]
[Round "03"]
[TimeControl "180+2"]
[Date "2023.04.11"]
[WhiteClock "0:00:42"]
[BlackClock "0:00:42"]

1. Nf3 d5 2. d4 Nf6 3. Bf4 c5 4. e3 e6 5. c3 Nc6 6. Nbd2 Be7 7. Bd3 Nh5 8. Be5 O-O 9. h4 Nf6 10. Rh3 h6 11. Bxf6 Bxf6 12. g4 e5 13. dxe5 Bxe5 14. Nxe5 Nxe5 15. Be2 h5 16. Rg3 hxg4 17. Qc2 Qf6 18. Qa4 Qxh4 19. O-O-O Qf6 20. Rh1 Qxf2 21. Rxg4 Bxg4 22. Bxg4 g6 23. Bd1 Kg7 24. Rf1 Qxe3 25. Qh4 f5 26. Bc2 Rae8 27. Kd1 Nc4 28. Qh2 Qxd2+ 29. Qxd2 Nxd2 30. Kxd2 Rh8 31. Rg1 Rh2+ 32. Kd1 Kf6 33. Bd3 Rxb2 34. c4 dxc4 35. Bxc4 Rb1+ 0-1


[Site "https://www.chess.com"]

[Event "Titled Tuesday Blitz April 11 Early 2023"]
[White "Liyanage, Ranindu Dilshan"]
[Black "Sarana, Alexey"]
[WhiteFideId "9915834"]
[BlackFideId "24133795"]
[WhiteElo "2199"]
[BlackElo "2714"]
[Result "0-1"]
[Round "03"]
[TimeControl "180+2"]
[Date "2023.04.11"]
[WhiteClock "0:00:39"]
[BlackClock "0:01:12"]

1. e4 c5 2. Nf3 d6 3. Bb5+ Nd7 4. O-O a6 5. Bxd7+ Bxd7 6. d4 cxd4 7. Qxd4 e5 8. Qd3 h6 9. Nc3 Nf6 10. Rd1 Qc7 11. Nd2 Rc8 12. Nf1 Qc4 13. Qxc4 Rxc4 14. f3 b5 15. Ne3 Rc8 16. Ned5 Nxd5 17. Nxd5 Rxc2 18. Be3 Be6 19. Rac1 Rxb2 20. Nc7+ Ke7 21. Nxa6 Kf6 22. a3 Be7 23. Nb4 Ra8 24. Rc3 Rb3 25. Rxb3 Bxb3 26. Rb1 Bc4 27. Bc1 Ke6 28. Kf2 f5 29. g3 fxe4 30. fxe4 Rf8+ 31. Ke3 Rf1 32. Nd5 Bg5+ 0-1


[Site "https://www.chess.com"]

[Event "Titled Tuesday Blitz April 11 Early 2023"]
[White "Korobov, Anton"]
[Black "Rohith Krishna S"]
[WhiteFideId "14105730"]
[BlackFideId "46617051"]
[WhiteElo "2638"]
[BlackElo "2270"]
[Result "1-0"]
[Round "03"]
[TimeControl "180+2"]
[Date "2023.04.11"]
[WhiteClock "0:00:42"]
[BlackClock "0:00:17"]

1. d4 Nf6 2. c4 c5 3. d5 e6 4. Nc3 exd5 5. cxd5 g6 6. Nf3 d6 7. Nd2 Bg7 8. e4 O-O 9. Be2 Na6 10. O-O Nc7 11. a4 Rb8 12. Kh1 b6 13. Nc4 a6 14. Bf4 Nfe8 15. e5 dxe5 16. Nxe5 Bb7 17. Nc6 Bxc6 18. dxc6 Qf6 19. Nd5 Nxd5 20. Bxb8 Nb4 21. c7 Nd6 22. Bf3 h5 23. Re1 c4 24. Ra3 Nd3 25. Rxd3 cxd3 26. Qxd3 Rc8 27. h3 Bf8 28. b4 Qf4 29. Rb1 b5 30. axb5 axb5 31. Qe3 Qf5 32. Rd1 Re8 33. Qc5 Re5 34. c8=Q Qxc8 35. Qxc8 1-0


[Site "https://www.chess.com"]

[Event "Titled Tuesday Blitz April 11 Early 2023"]
[White "Wong, Yinn Long"]
[Black "Oparin, Grigoriy"]
[WhiteFideId "5707684"]
[BlackFideId "24125890"]
[WhiteElo "2271"]
[BlackElo "2647"]
[Result "0-1"]
[Round "03"]
[TimeControl "180+2"]
[Date "2023.04.11"]
[WhiteClock "0:00:03"]
[BlackClock "0:00:14"]

1. d4 Nf6 2. Nc3 e6 3. e4 d5 4. Bg5 dxe4 5. Nxe4 Be7 6. Bxf6 gxf6 7. Nf3 f5 8. Nc3 a6 9. g3 b5 10. Bg2 Bb7 11. O-O O-O 12. Qe2 b4 13. Na4 Nd7 14. Rad1 Qe8 15. b3 a5 16. Qe3 Nf6 17. Ne5 Bxg2 18. Kxg2 Nd5 19. Qh6 Kh8 20. Qh5 f6 21. Qxe8 Rfxe8 22. Nd3 Kg7 23. Rfe1 Kf7 24. Kf3 Bd6 25. Ndb2 c6 26. Nc4 Bc7 27. Ne3 Rad8 28. Nc4 e5 29. dxe5 fxe5 30. Ke2 e4 31. Ne3 Kf6 32. Rd2 f4 33. Nc4 f3+ 34. Kf1 Kf5 35. Nc5 Nc3 36. Ne3+ Kf6 37. Nc4 Rd5 38. Na6 Be5 39. Rxd5 cxd5 40. Ne3 Rc8 41. h3 Ke6 42. Ng4 Nxa2 43. Nxe5 Kxe5 44. Ra1 Rxc2 45. Nb8 Kd6 46. Ke1 d4 47. Na6 d3 48. Kd1 Nc3+ 0-1


[Site "https://www.chess.com"]

[Event "Titled Tuesday Blitz April 11 Early 2023"]
[White "Kramnik, Vladimir"]
[Black "Aradhya, Garg"]
[WhiteFideId "4101588"]
[BlackFideId "25006746"]
[WhiteElo "2712"]
[BlackElo "2263"]
[Result "1-0"]
[Round "03"]
[TimeControl "180+2"]
[Date "2023.04.11"]
[WhiteClock "0:00:31"]
[BlackClock "0:00:55"]

1. e4 e5 2. Nf3 Nc6 3. g3 d5 4. exd5 Nd4 5. Nxd4 Qxd5 6. Qf3 Qxd4 7. Nc3 Nf6 8. Bg2 Bc5 9. O-O O-O 10. d3 c6 11. Be3 Qd6 12. Bxc5 Qxc5 13. Rfe1 Re8 14. a3 a5 15. h3 a4 16. g4 Be6 17. Qe3 Qxe3 18. Rxe3 Nd7 19. Ne4 f6 20. Nd6 Re7 21. Rae1 Nc5 22. Kh2 Rd8 23. Ne4 Nxe4 24. Rxe4 b5 25. f4 Bd5 26. R4e3 Bxg2 27. Kxg2 Rd5 28. Kf3 Kf7 29. Re4 Ke6 30. fxe5 fxe5 31. Kg3 c5 32. h4 Kd6 33. Rf1 Rd4 34. g5 c4 35. Re3 cxd3 36. cxd3 e4 37. dxe4 Rexe4 38. Rxe4 Rxe4 39. Rf7 Re7 40. Rf5 Re3+ 41. Kg4 Rb3 42. Rf7 Rxb2 43. Rxg7 b4 44. axb4 Rxb4+ 45. Kh5 Kc6 46. Rxh7 Rb8 47. Ra7 Rh8+ 48. Kg4 Kb5 49. g6 Kb4 50. h5 Rg8 51. Kg5 Rc8 52. g7 1-0


[Site "https://www.chess.com"]

[Event "Titled Tuesday Blitz April 11 Early 2023"]
[White "Martinez Alcantara, Jose Eduardo"]
[Black "Cherniaiev, Tykhon"]
[WhiteFideId "3805662"]
[BlackFideId "14182360"]
[WhiteElo "2711"]
[BlackElo "2450"]
[Result "0-1"]
[Round "03"]
[TimeControl "180+2"]
[Date "2023.04.11"]
[WhiteClock "0:00:33"]
[BlackClock "0:00:13"]

1. e4 e5 2. Nf3 Nc6 3. Bb5 Nge7 4. c3 a6 5. Ba4 Ng6 6. O-O Be7 7. d4 exd4 8. cxd4 b5 9. Bb3 O-O 10. Nc3 d6 11. h3 Bb7 12. Re1 Na5 13. Bc2 c5 14. b3 Bf6 15. Be3 Rc8 16. Ne2 Re8 17. Ng3 cxd4 18. Bxd4 Nc6 19. Bxf6 Qxf6 20. Qd2 Nce5 21. Nd4 d5 22. Rad1 dxe4 23. Bxe4 Qb6 24. Bxb7 Qxb7 25. Ndf5 Qa8 26. Ne4 Rcd8 27. Ned6 Re6 28. Qc3 h6 29. Qg3 Qc6 30. Kh2 Rexd6 31. Rxd6 Rxd6 32. Rxe5 Rf6 33. Nd4 Qd6 34. Re8+ Kh7 35. Nf3 Qxg3+ 36. fxg3 Rc6 37. Ra8 Ne7 38. Ra7 Nd5 39. Rxf7 Ne3 40. Nd4 Rc1 41. g4 Nf1+ 42. Kg1 Nd2+ 43. Kf2 Rf1+ 44. Ke3 Rxf7 45. Kxd2 Rf2+ 46. Ke3 Rxg2 47. a4 bxa4 48. bxa4 Rg3+ 49. Nf3 Rxh3 50. Kf2 Rh1 51. Ng1 Rh2+ 52. Kg3 Ra2 53. Nf3 Rxa4 54. Ne5 g5 55. Nd7 Kg7 56. Nc5 Ra3+ 57. Kf2 a5 58. Ne6+ Kf6 59. Nd4 Rd3 60. Nb5 a4 61. Na7 a3 62. Nc6 a2 63. Nb4 Rd2+ 64. Ke3 a1=Q 65. Kxd2 Qd4+ 66. Nd3 Qxg4 67. Ke3 Qg3+ 68. Ke2 Kf5 69. Nf2 h5 70. Nd1 Ke4 71. Nf2+ Qxf2+ 72. Kxf2 Kf4 73. Kg2 g4 74. Kh2 Kf3 75. Kg1 g3 76. Kh1 h4 77. Kg1 h3 78. Kh1 Ke3 79. Kg1 Ke2 80. Kh1 g2+ 81. Kg1 Kf3 82. Kh2 Kf2 83. Kxh3 g1=Q 84. Kh4 Qg6 85. Kh3 Qh5# 0-1


[Site "https://www.chess.com"]